 Dungeon Sprint DCSS version 0.30-a0-528-g8c47a4955b (webtiles) character file.

Game seed: 12306485297418074178

26 rocky1 the Slasher (level 2, -14/33 HPs)
             Began as a Demonspawn Gladiator on Dec 24, 2022.
             Demolished by a water elemental (15 damage)
             ... in the Dungeon (Sprint III: "The Ten Rune Challenge").
             The game lasted 00:01:01 (287 turns).

rocky1 the Slasher (Demonspawn Gladiator)            Turns: 287, Time: 00:01:01

Health: -14/33     AC:  4    Str: 14    XL:     2   Next: 89%
Magic:  2/2        EV: 12    Int:  9    God:
Gold:   36         SH:  0    Dex: 14    Spells: 1/1 levels left

rFire   . . .      SeeInvis .    a - +0 long sword
rCold   . . .      Faith    .    (no shield)
rNeg    . . .      Spirit   .    b - +0 leather armour
rPois   .          Reflect  .    c - +0 helmet
rElec   .          Harm     .    (no cloak)
rCorr   .          Rampage  .    (no gloves)
Will    .....      NoTele   +    (no boots) Stlth
                                 (no amulet)
HPRegen 0.25/turn                (no ring)
MPRegen 0.08/turn                (no ring)

@: mighty, berserking, engulfed (cannot breathe), very quick
A: powered by pain 1
a: no special abilities


You were in the Dungeon.
You visited 1 branch You collected 36 gold pieces.

Inventory:

Hand Weapons
 a - a +0 long sword (weapon)
Missiles
 d - 2 throwing nets (quivered)
 e - a javelin
Armour
 b - a +0 leather armour (worn)
 c - a +0 helmet (worn)
Scrolls
 k - 2 scrolls of blinking
 l - a scroll of amnesia {unknown}
 n - a scroll of poison {unknown}
 o - a scroll of identify {unknown}
 p - a scroll of torment {unknown}
Potions
 f - 2 potions of curing
 g - a potion of heal wounds
 h - a potion of haste
 i - 2 potions of magic
 m - 4 potions of mutation {unknown}
 q - a potion of lignification {unknown}


   Skills:
 - Level 2.0 Fighting
 + Level 6.0 Long Blades
 - Level 1.7 Throwing
 - Level 2.6 Dodging


You had one spell level left.
You didn't know any spells.
Your spell library was empty.

Dungeon Overview and Level Annotations

Branches:
Dungeon (1/1)

Altars:


Innate Abilities, Weirdness & Mutations

You sometimes gain a little power by taking damage.


Message History

Your Long Blades skill increases to level 6!
e - a javelin You open the door.
Found 22 gold pieces and 2 grey potions.
There is an open door here.
You now have 29 gold pieces (gained 15).
m - a grey potion;
n - a scroll labelled SEIKOL XIZEO
o - a scroll labelled LUANEA IX AGOF;
m - 2 grey potions (gained 1)
f - 2 potions of curing (gained 1)
m - 3 grey potions (gained 1);
p - a scroll labelled VIPRIEGIJA
k - 2 scrolls of blinking (gained 1);
m - 4 grey potions (gained 1)
q - a puce potion You now have 36 gold pieces (gained 7).
There is an open door here.
You open the door.
A water elemental comes into view.
A red film seems to cover your vision as you go berserk!
You feel yourself moving faster!
You feel mighty!
You hit the water elemental.
The water elemental is lightly damaged.
The water elemental hits you.
The water elemental engulfs you in water!
You completely miss the water elemental.
The water elemental is lightly damaged.
Your lungs strain for air!
The water elemental hits you!!
Ouch! That really hurt!
* * * LOW HITPOINT WARNING * * *
You focus on the pain.
You feel very mighty all of a sudden.
You slash the water elemental!
The water elemental is moderately damaged.
* * * LOW HITPOINT WARNING * * *
Your lungs strain for air!
You barely miss the water elemental.
The water elemental is moderately damaged.
* * * LOW HITPOINT WARNING * * *
Your lungs strain for air!
The water elemental hits you!
You die...

▓▓▓▓▓▓▓▓ ▓▓▓ <..#...####
##.# ...#......#####..#
..##...†...#..#..#
##.##.##...#..#..# #+#+#
##.##.###..##'#..#......
#.####.##..###..@E.⌠....
.###..##.†####...#...###
#.....##..###....# ⌠.#
###..##...##.....# .#
##..##....#......# #
#..###..##.#.....# #..#
#.. ####....# ▓▓▓▓ ▓▓▓
▓▓▓▓▓▓


You could see a water elemental.

Vanquished Creatures
  A human (D)
  A phantom (D)
  2 endoplasms (D)
  2 rats (D)
6 creatures vanquished.

Notes
Turn   | Place    | Note
-------+----------+-------------------------------------------
     0 | D        | rocky1 the Demonspawn Gladiator began the quest for the
                  | Orb.
     0 | D        | Reached XP level 1. HP: 16/16 MP: 1/1
    11 | D        | Reached skill level 3 in Long Blades
   108 | D        | Reached skill level 4 in Long Blades
   131 | D        | Reached skill level 5 in Long Blades
   131 | D        | Gained mutation: You sometimes gain a little power by
                  | taking damage. [demonic ancestry]
   131 | D        | Reached XP level 2. HP: 17/22 MP: 2/2
   254 | D        | Reached skill level 6 in Long Blades
   282 | D        | Noticed a water elemental
   287 | D        | HP: 1/33 [drowned by a water elemental (5)]
   287 | D        | Demolished by a water elemental

Illustrated notes

Levels and vault maps discovered:
D:        dungeon_sprint_mu [sprint_mu_entry_cave, sprint_mu_temple_rooms,
          sprint_mu_d1_horrors, sprint_mu_d2_genie, sprint_mu_d3_branching,
          sprint_mu_orc_legion, sprint_mu_elf_gauntlet, sprint_mu_hive_nellie,
          sprint_mu_lair_fedhas, sprint_mu_vaults_butterflies,
          sprint_mu_slime_circle, sprint_mu_swamp_cave, sprint_mu_snake_twists,
          sprint_mu_blade_basic, sprint_mu_crypt_chambers,
          sprint_mu_tomb_spiral, sprint_mu_vestibule_basic,
          sprint_mu_gehenna_hellfire, sprint_mu_dis_giant,
          sprint_mu_tartarus_statrot, sprint_mu_cocytus_islands, sprint_mu_zot1]

Skill      XL: |  1  2 |
---------------+-------+-----
Long Blades    | 5 6 |  6.0
Fighting       | |  2.0
Throwing       | |  1.7
Dodging        | |  2.6

Action                   || total
-------------------------++-------
Melee: Long sword        ||    29
Throw: Throwing net      ||     2
       Javelin           ||     1
  Use: Potion            ||     1
 Stab: Sleeping          ||     1
Armor: Leather armour    ||     5
Dodge: Dodged            ||     7

Table legend: (Time is in decaauts)
 A = Elapsed time spent in this place.
 B = Non-inter-level travel time spent in this place.
 C = Inter-level travel time spent in this place.
 D = Time resting spent in this place.
 E = Time spent auto-exploring this place.
 F = Levels seen in this place.
 G = Mean time per level.
                   A        B        C        D        E       F      G
               +--------+--------+--------+--------+--------+-----+--------+
         Total |    291 |    291 |      0 |    171 |     14 |   1 |  291.0 |
       Dungeon |    291 |    291 |      0 |    171 |     14 |   1 |  291.0 |
               +--------+--------+--------+--------+--------+-----+--------+

Top non-repeatable levels by time:
       D: 291 daAuts
